[Event "Titled Tuesday Blitz December 06 Early 2022"]
[White "Simonovic, Miroslav"]
[Black "Hoffmann, Asa"]
[WhiteFideId "919152"]
[BlackFideId "2001470"]
[WhiteElo "2057"]
[BlackElo "2117"]
[Result "1-0"]
[Round "08"]
[TimeControl "180+1"]
[Date "2022.12.07"]
[WhiteClock "0:00:11"]
[BlackClock "0:00:28"]

1. d4 Nf6 2. Bg5 e6 3. e4 d6 4. f4 Be7 5. Bxf6 Bxf6 6. e5 Be7 7. Qg4 g6 8. Bd3 c5 9. dxc5 dxe5 10. fxe5 Bxc5 11. Nd2 Nc6 12. Ngf3 Bd7 13. a3 Qc7 14. O-O-O O-O-O 15. Rhe1 Rhf8 16. Ne4 Be7 17. Nd6+ Bxd6 18. exd6 Qxd6 19. Bxg6 Qc5 20. Bxh7 f5 21. Qg6 Qe7 22. Ng5 Rf6 23. Qh5 Rh8 24. h4 e5 25. Qe2 e4 26. g4 e3 27. Bxf5 Bxf5 28. gxf5 Rxf5 29. Qxe3 Qxe3+ 30. Rxe3 Rxh4 31. Re8+ Kc7 32. Ne6+ Kb6 33. b3 Rh2 34. Nd4 Rff2 35. Re6 a6 36. Kb1 Kc5 37. b4+ Kc4 38. Nxc6 bxc6 39. Rxc6+ Kb5 40. Rc5+ Ka4 41. Ra5# 1-0


[Site "https://www.chess.com"]

[Event "Titled Tuesday Blitz December 06 Early 2022"]
[White "Sjugirov, Sanan"]
[Black "Abasov, Nijat"]
[WhiteFideId "4189302"]
[BlackFideId "13402960"]
[WhiteElo "2613"]
[BlackElo "2546"]
[Result "1/2-1/2"]
[Round "08"]
[TimeControl "180+1"]
[Date "2022.12.06"]
[WhiteClock "0:00:02"]
[BlackClock "0:00:05"]

1. e4 c5 2. Nf3 e6 3. d3 Nc6 4. g3 d5 5. Qe2 Nf6 6. Bg2 g6 7. O-O Bg7 8. c3 Ke7 9. e5 Nd7 10. Bg5+ f6 11. exf6+ Nxf6 12. Re1 Kf7 13. Be3 Qe7 14. Ng5+ Kg8 15. Bf4 Nd8 16. c4 h6 17. Nf3 Nc6 18. Nc3 g5 19. Bd2 d4 20. Ne4 e5 21. h4 Bf5 22. Nxf6+ Bxf6 23. h5 Bg4 24. b4 cxb4 25. a3 bxa3 26. Bc1 e4 27. Qa2 e3 28. Bxa3 Qf7 29. Nh2 Be6 30. Rf1 Qg7 31. f4 gxf4 32. gxf4 Re8 33. Kh1 Kf7 34. Rg1 Qh7 35. Qe2 Rhg8 36. Be4 Bf5 37. Bd5+ Be6 38. Be4 Bf5 39. Bd5+ Be6 40. Bf3 Bf5 41. Bd5+ 1/2-1/2


[Site "https://www.chess.com"]

[Event "Titled Tuesday Blitz December 06 Early 2022"]
[White "Skibbe, Willi"]
[Black "Volkov, Maksim"]
[WhiteFideId "4682190"]
[BlackFideId "54123070"]
[WhiteElo "2387"]
[BlackElo "2257"]
[Result "0-1"]
[Round "08"]
[TimeControl "180+1"]
[Date "2022.12.07"]
[WhiteClock "0:02:04"]
[BlackClock "0:01:48"]

1. c4 e6 2. g3 d5 3. Bg2 Nf6 4. Nf3 dxc4 5. Qa4+ Nbd7 6. Qxc4 a6 7. Qc2 c5 8. O-O b5 9. Ne5 Nd5 10. Nxd7 Qxd7 11. Nc3 Bb7 12. Nxd5 Bxd5 13. b3 Rd8 14. d3 h5 15. Be3 h4 16. Bxc5 Bxg2 17. Kxg2 Qd5+ 18. f3 Qxc5 19. Qd2 Be7 20. Rfc1 Qe5 0-1


[Site "https://www.chess.com"]

[Event "Titled Tuesday Blitz December 06 Early 2022"]
[White "Slovineanu"]
[Black "Devaev, Alexander"]
[BlackFideId "4169395"]
[WhiteElo "2249"]
[BlackElo "2225"]
[Result "0-1"]
[Round "08"]
[TimeControl "180+1"]
[Date "2022.12.07"]
[WhiteClock "0:00:07"]
[BlackClock "0:02:11"]

1. d4 Nf6 2. Nf3 e6 3. c4 c5 4. d5 exd5 5. cxd5 d6 6. Nc3 g6 7. e4 Bg7 8. Be2 O-O 9. Be3 a6 10. e5 Ng4 11. Bg5 Qb6 12. exd6 Qxb2 13. Na4 Qxa1 14. Qxa1 Bxa1 15. O-O Bf6 16. Nb6 Ra7 17. Bf4 Nd7 18. Nxd7 Bxd7 19. h3 Re8 20. Bxa6 Rxa6 21. hxg4 Bxg4 22. Nd2 Rxa2 23. Nc4 Ra4 24. Nb6 Rxf4 0-1


[Site "https://www.chess.com"]

[Event "Titled Tuesday Blitz December 06 Early 2022"]
[White "Suduvasachmatai"]
[Black "Begunov, Konstantin"]
[BlackFideId "4118510"]
[WhiteElo "1984"]
[BlackElo "2141"]
[Result "0-1"]
[Round "08"]
[TimeControl "180+1"]
[Date "2022.12.07"]
[WhiteClock "0:00:18"]
[BlackClock "0:01:05"]

1. e4 c5 2. c3 Nf6 3. e5 Nd5 4. d4 cxd4 5. cxd4 Nc6 6. Nf3 d6 7. Bc4 Nb6 8. Bb5 d5 9. O-O Bg4 10. h3 Bxf3 11. Qxf3 e6 12. Be3 Rc8 13. Nd2 a6 14. Bxc6+ Rxc6 15. Rac1 Qc7 16. Nb3 Nc4 17. Qe2 Bb4 18. a3 Be7 19. f4 f5 20. exf6 Bxf6 21. f5 O-O 22. Nc5 exf5 23. Rxf5 Re8 24. Rxc4 dxc4 25. Qxc4+ Kh8 26. Bf4 Qc8 27. Qd3 Bxd4+ 28. Kh1 Rxc5 0-1


[Site "https://www.chess.com"]

[Event "Titled Tuesday Blitz December 06 Early 2022"]
[White "Tsyhanchuk, Stanislav"]
[Black "Hirneise, Jens"]
[WhiteFideId "13505130"]
[BlackFideId "24614734"]
[WhiteElo "2173"]
[BlackElo "2345"]
[Result "1/2-1/2"]
[Round "08"]
[TimeControl "180+1"]
[Date "2022.12.07"]
[WhiteClock "0:00:08"]
[BlackClock "0:00:06"]

1. e4 c5 2. Nf3 d6 3. d4 cxd4 4. Nxd4 Nf6 5. Nc3 g6 6. Be3 Bg7 7. f3 h5 8. Qd2 a6 9. O-O-O Nc6 10. h4 Bd7 11. Be2 Ne5 12. Kb1 Rc8 13. Rhg1 Qa5 14. Nd5 Qxd2 15. Rxd2 Nxd5 16. exd5 Nc4 17. Bxc4 Rxc4 18. b3 Rc3 19. Bf2 O-O 20. g4 hxg4 21. fxg4 Rfc8 22. h5 Rh3 23. hxg6 fxg6 24. Ne6 Bxe6 25. dxe6 Rf8 26. c4 Rhf3 27. Rg2 Be5 28. Bd4 Bxd4 29. Rxd4 Re3 30. c5 Rxe6 31. cxd6 exd6 32. Rgd2 Rd8 33. Kb2 Kf7 34. g5 Ke7 35. Rh2 Rf8 36. Rh7+ Rf7 37. Rb4 b5 38. Rbh4 Re5 39. Rxf7+ Kxf7 40. Rf4+ Rf5 41. Rd4 Ke6 42. Re4+ Re5 43. Rg4 Kf5 44. Rd4 d5 45. a4 Kxg5 46. axb5 axb5 47. Kc3 Kf5 48. Rd1 g5 49. Kb4 g4 50. Kxb5 g3 51. Kc5 Kf4 52. Kd4 Re4+ 53. Kd3 Rb4 54. Kc3 Rb8 55. Rxd5 g2 56. Rd1 Kf3 57. b4 Kf2 58. Kc4 Re8 59. b5 Re1 60. Rd2+ Re2 61. Rd1 Rb2 62. Kc5 g1=Q 63. Rxg1 Kxg1 64. b6 Kf2 65. Kc6 Ke3 66. b7 Kd4 67. Kc7 Rc2+ 68. Kb6 Rb2+ 69. Kc7 Kc5 70. b8=Q Rxb8 71. Kxb8 1/2-1/2


[Site "https://www.chess.com"]

[Event "Titled Tuesday Blitz December 06 Early 2022"]
[White "Turzo, Attila"]
[Black "Tay, Junior"]
[WhiteFideId "704954"]
[BlackFideId "5800439"]
[WhiteElo "2477"]
[BlackElo "2216"]
[Result "1-0"]
[Round "08"]
[TimeControl "180+1"]
[Date "2022.12.07"]
[WhiteClock "0:01:45"]
[BlackClock "0:00:59"]

1. d4 Nf6 2. c4 e6 3. Nf3 d5 4. Nc3 c5 5. cxd5 exd5 6. Bg5 c4 7. Bxf6 gxf6 8. e4 Bb4 9. exd5 Qxd5 10. Qe2+ Be6 11. g3 Nc6 12. Bg2 Nxd4 13. Nxd4 Qxg2 14. O-O-O Bxc3 15. Nxe6 Be5 16. Nc7+ Ke7 17. Nxa8 Rxa8 18. Rhe1 Kf8 19. f4 Qxe2 20. Rxe2 Bc7 21. Rd7 Bd8 22. Rxb7 f5 23. Rd2 Bb6 24. Rdd7 Rc8 25. Rxf7+ Kg8 26. Rg7+ Kh8 27. Rxh7+ Kg8 28. Rbg7+ Kf8 29. h4 Bd4 30. Rh8+ Kxg7 31. Rxc8 1-0


[Site "https://www.chess.com"]

[Event "Titled Tuesday Blitz December 06 Early 2022"]
[White "Valle Maytin, Luis Enrique"]
[Black "Barria Zuniga, Daniel"]
[WhiteFideId "3503666"]
[BlackFideId "3400816"]
[WhiteElo "2225"]
[BlackElo "2414"]
[Result "0-1"]
[Round "08"]
[TimeControl "180+1"]
[Date "2022.12.07"]
[WhiteClock "0:00:21"]
[BlackClock "0:00:45"]

1. e4 c5 2. Nf3 Nc6 3. d4 cxd4 4. Nxd4 e6 5. Nc3 Qc7 6. a3 a6 7. Be3 Na5 8. f4 b5 9. Be2 Bb7 10. O-O Nc4 11. Bxc4 Qxc4 12. Re1 Rc8 13. Rc1 Nf6 14. Bf2 Be7 15. h3 O-O 16. Qf3 Rfd8 17. Rcd1 d6 18. Qg3 Qc7 19. f5 e5 20. Nb3 d5 21. exd5 Nxd5 22. Nxd5 Bxd5 23. Kh1 Qxc2 24. Nd2 f6 25. Be3 Qxf5 26. Rf1 Qg6 27. Qf2 Rc2 28. Rc1 Rdc8 29. Kh2 Rxc1 30. Rxc1 Rxc1 31. Nf1 Rc2 32. Nd2 Rxb2 33. Qe2 Qxg2+ 34. Qxg2 Bxg2 35. Kxg2 Rxd2+ 36. Kf3 Rd3 37. Ke4 Rxe3+ 38. Kxe3 Bxa3 39. Ke4 Bf8 40. Kd3 h5 41. Ke4 Kf7 42. Kd5 g6 43. Kc6 g5 44. Kd5 g4 45. hxg4 hxg4 46. Ke4 Ke6 47. Ke3 f5 48. Kf2 Bg7 49. Kg3 Kf6 50. Kg2 Kg5 51. Kg3 a5 52. Kg2 a4 53. Kg3 b4 54. Kg2 a3 55. Kg3 b3 56. Kg2 f4 57. Kf2 Kf5 58. Kg2 Ke4 59. Kf2 Kd3 60. Kg2 Ke3 61. Kh2 Kf3 62. Kg1 a2 63. Kh2 b2 64. Kg1 b1=Q+ 65. Kh2 Qc2+ 66. Kg1 0-1


[Site "https://www.chess.com"]

[Event "Titled Tuesday Blitz December 06 Early 2022"]
[White "Van Osch, Mees"]
[Black "Rose, Felix"]
[WhiteFideId "1035967"]
[BlackFideId "5105722"]
[WhiteElo "2324"]
[BlackElo "2039"]
[Result "1-0"]
[Round "08"]
[TimeControl "180+1"]
[Date "2022.12.07"]
[WhiteClock "0:00:33"]
[BlackClock "0:00:13"]

1. e4 e5 2. Nf3 Nc6 3. Nc3 Nf6 4. d4 exd4 5. Nxd4 Bb4 6. Nxc6 bxc6 7. e5 Qe7 8. f4 Nd5 9. Bd2 Nxc3 10. bxc3 Bc5 11. Bd3 d6 12. Qe2 O-O 13. Qe4 Qh4+ 14. g3 Qh5 15. Be2 Bg4 16. Bxg4 Qxg4 17. Qe2 Qxe2+ 18. Kxe2 dxe5 19. f5 Rab8 20. Rab1 Rb6 21. Kf3 Rfb8 22. Rb3 a5 23. Ke4 f6 24. Rd1 a4 25. Rxb6 cxb6 26. Bc1 Rb7 27. Rd8+ Kf7 28. c4 Ke7 29. Rc8 Kd7 30. Rg8 Kd6 31. g4 b5 32. cxb5 cxb5 33. h4 h6 34. Bb2 Kc6 35. g5 hxg5 36. hxg5 Rd7 37. gxf6 gxf6 38. Rg6 Be7 39. Bxe5 Kc5 40. Bxf6 Bxf6 41. Rxf6 b4 42. Ra6 a3 43. Ke5 Rd2 44. Ra8 Re2+ 45. Kf6 Rxc2 46. Rc8+ Kd4 47. Rxc2 b3 48. axb3 Kd3 49. Rh2 1-0


[Site "https://www.chess.com"]

[Event "Titled Tuesday Blitz December 06 Early 2022"]
[White "Vidit, Santosh Gujrathi"]
[Black "Firouzja, Alireza"]
[WhiteFideId "5029465"]
[BlackFideId "12573981"]
[WhiteElo "2669"]
[BlackElo "2904"]
[Result "1-0"]
[Round "08"]
[TimeControl "180+1"]
[Date "2022.12.06"]
[WhiteClock "0:00:04"]
[BlackClock "0:00:00"]

1. e4 e5 2. Nf3 Nc6 3. Bc4 Nf6 4. d3 Bc5 5. O-O d6 6. c3 a6 7. a4 Ba7 8. Nbd2 h6 9. Re1 g5 10. Nf1 Nh5 11. Be3 Nf4 12. Bxa7 Nxa7 13. Ne3 Nc6 14. b4 g4 15. Nd2 h5 16. b5 Na5 17. d4 Kf8 18. Bf1 Be6 19. g3 Ng6 20. Rb1 axb5 21. axb5 Qf6 22. Qa4 h4 23. Bg2 Kg7 24. Nd5 Bxd5 25. exd5 hxg3 26. hxg3 Nc6 27. Qd1 Nce7 28. Qxg4 exd4 29. cxd4 Ra4 30. b6 Rxd4 31. Ne4 Qe5 32. Qf3 cxb6 33. Nc3 Qg5 34. Rxb6 Rc8 35. Ne4 Qe5 36. Kf1 Nxd5 37. Rxb7 Nde7 38. Rbb1 Qd5 39. Rbd1 Rxd1 40. Rxd1 Qb5+ 41. Kg1 Qe5 42. Nxd6 Rf8 43. Nc4 Qc5 44. Qc3+ f6 45. Qd3 Rc8 46. Ne3 Qb4 47. Qd6 Qxd6 48. Rxd6 Ne5 49. Be4 Kf7 50. Kg2 Rc3 51. Ra6 1-0


[Site "https://www.chess.com"]

[Event "Titled Tuesday Blitz December 06 Early 2022"]
[White "Yaran, Siar"]
[Black "Salinas Herrera, Pablo"]
[WhiteFideId "6323006"]
[BlackFideId "3407128"]
[WhiteElo "2191"]
[BlackElo "2557"]
[Result "0-1"]
[Round "08"]
[TimeControl "180+1"]
[Date "2022.12.07"]
[WhiteClock "0:00:10"]
[BlackClock "0:00:06"]

1. d4 d5 2. c4 dxc4 3. e3 e6 4. Bxc4 a6 5. Nc3 Nf6 6. a3 b5 7. Be2 c5 8. Bf3 Ra7 9. Nge2 cxd4 10. exd4 Be7 11. O-O O-O 12. Re1 Bb7 13. Nf4 Bxf3 14. Qxf3 Rd7 15. Be3 Bd6 16. Rad1 Bxf4 17. Bxf4 Nd5 18. Be5 Nc6 19. Ne4 Qe7 20. g3 f6 21. Bf4 Nxf4 22. Qxf4 Nxd4 23. Kg2 e5 24. Qe3 Rfd8 25. Rc1 Qf7 26. Nc5 Rc7 27. b4 Rc6 28. Qe4 h6 29. Rcd1 Rdd6 30. f4 Qa2+ 31. Kh3 Qf2 32. fxe5 Nf3 33. exd6 Ng5+ 34. Kg4 Nxe4 35. Nxe4 f5+ 36. Kh3 fxe4 37. d7 Qf5+ 38. Kh4 Qg5+ 39. Kh3 Qh5+ 40. Kg2 Rc2+ 41. Kf1 Qf3+ 0-1


[Site "https://www.chess.com"]

[Event "Titled Tuesday Blitz December 06 Early 2022"]
[White "Yuan, Qingyu"]
[Black "Demin, Vladimir"]
[WhiteFideId "8609772"]
[BlackFideId "4167457"]
[WhiteElo "2359"]
[BlackElo "2564"]
[Result "1/2-1/2"]
[Round "08"]
[TimeControl "180+1"]
[Date "2022.12.07"]
[WhiteClock "0:00:13"]
[BlackClock "0:01:42"]

1. e4 c5 2. Nf3 Nc6 3. Bb5 d6 4. O-O a6 5. Bxc6+ bxc6 6. h3 e5 7. c3 Nf6 8. Re1 Be7 9. d4 cxd4 10. cxd4 Qc7 11. dxe5 dxe5 12. Nbd2 O-O 13. Nc4 Rd8 14. Qc2 Bd6 15. Bg5 Be6 16. Bxf6 gxf6 17. Ne3 Rab8 18. b3 Bf8 19. Rac1 c5 20. Nh4 a5 21. Nhf5 a4 22. bxa4 Rb4 23. Rb1 Rdb8 24. Rxb4 Rxb4 25. Rb1 Qa5 26. Rxb4 Qxb4 27. Nd5 Bxd5 28. exd5 c4 29. a5 c3 30. a6 Qb2 31. Ne3 Bc5 32. Qa4 Bxe3 33. fxe3 c2 34. a7 c1=Q+ 35. Kh2 Qxe3 36. a8=Q+ Kg7 37. Qg4+ Qg5 38. Qxg5+ fxg5 39. d6 Qd4 40. Qd8 Qf4+ 41. Kg1 Qe3+ 42. Kh2 Qf4+ 43. Kh1 Qf1+ 44. Kh2 Qf4+ 1/2-1/2


[Site "https://www.chess.com"]

[Event "Titled Tuesday Blitz December 06 Early 2022"]
[White "Zhigalko, Sergei"]
[Black "Riehle, Marco"]
[WhiteFideId "13502956"]
[BlackFideId "12904392"]
[WhiteElo "2662"]
[BlackElo "2462"]
[Result "1-0"]
[Round "08"]
[TimeControl "180+1"]
[Date "2022.12.06"]
[WhiteClock "0:00:03"]
[BlackClock "0:00:44"]

1. e4 e5 2. Nf3 Nf6 3. Nxe5 Nxe4 4. Qe2 Qe7 5. Qxe4 d6 6. d4 dxe5 7. dxe5 Nc6 8. Nc3 Qxe5 9. Qxe5+ Nxe5 10. Bf4 f6 11. O-O-O Bd7 12. Nb5 O-O-O 13. Bxe5 fxe5 14. Nc3 Bc5 15. Ne4 Bb6 16. Bd3 h6 17. f3 g5 18. Nf6 Bc6 19. Rhe1 Rhf8 20. Bf5+ Kb8 21. Rxd8+ Rxd8 22. Rxe5 Bd4 23. Re6 a6 24. c3 Bg1 25. h3 Bh2 26. Nh5 Be8 27. Rxh6 Bxh5 28. Rxh5 Bf4+ 29. Kc2 Rd2+ 30. Kb3 Rxg2 31. h4 Rh2 32. Rh8+ Ka7 33. h5 Bc1 34. Bc2 Rh3 35. h6 g4 36. h7 gxf3 37. Rf8 f2 38. Rxf2 Bh6 39. h8=Q 1-0


[Site "https://www.chess.com"]

[Event "Titled Tuesday Blitz December 06 Early 2022"]
[White "monkins"]
[Black "Sargissyan, Sargis"]
[BlackFideId "13303210"]
[WhiteElo "2236"]
[BlackElo "2109"]
[Result "1-0"]
[Round "08"]
[TimeControl "180+1"]
[Date "2022.12.07"]
[WhiteClock "0:00:41"]
[BlackClock "0:00:26"]

1. Nf3 g6 2. g3 Bg7 3. Bg2 Nf6 4. c4 O-O 5. Nc3 d6 6. O-O e5 7. Rb1 a5 8. a3 Nc6 9. b4 axb4 10. axb4 Bf5 11. d3 Qd7 12. Re1 Bh3 13. Bh1 h6 14. b5 Nd8 15. Nd2 Ng4 16. Bb2 f5 17. Ra1 Rxa1 18. Qxa1 f4 19. Nce4 c6 20. Qa3 d5 21. cxd5 cxd5 22. Qd6 Qxd6 23. Nxd6 fxg3 24. Bxd5+ Kh7 25. fxg3 h5 26. Nf3 Bh6 27. Bc1 Ne3 28. Bb3 Ne6 29. Ne4 Kh8 30. Bxe6 Bxe6 31. Nxe5 Kg7 32. Bxe3 Bxe3+ 33. Kg2 Bd5 34. Nf3 Re8 35. Nc3 1-0


[Site "https://www.chess.com"]

[Event "Titled Tuesday Blitz December 06 Early 2022"]
[White "Abasov, Nijat"]
[Black "Kravtsiv, Martyn"]
[WhiteFideId "13402960"]
[BlackFideId "14113147"]
[WhiteElo "2546"]
[BlackElo "2695"]
[Result "1-0"]
[Round "09"]
[TimeControl "180+1"]
[Date "2022.12.06"]
[WhiteClock "0:01:31"]
[BlackClock "0:00:01"]

1. d4 d5 2. Nf3 Nf6 3. Bf4 c5 4. e3 Nc6 5. Nbd2 e6 6. c3 Bd6 7. Bg3 O-O 8. Bd3 g6 9. Qe2 b6 10. e4 Bxg3 11. hxg3 cxd4 12. cxd4 dxe4 13. Nxe4 Nxd4 14. Qe3 Nf5 15. Qf4 Bb7 16. g4 Nxe4 17. Bxe4 e5 18. Qh2 Re8 19. Qxh7+ Kf8 20. Qh8+ Ke7 21. Qxe5+ Kf8 22. O-O Rxe5 23. Bxb7 Re7 24. Bc6 1-0


[Site "https://www.chess.com"]

[Event "Titled Tuesday Blitz December 06 Early 2022"]
[White "Albertini, Luca"]
[Black "Mihailidis, Anastasios"]
[WhiteFideId "847038"]
[BlackFideId "4205588"]
[WhiteElo "2207"]
[BlackElo "2312"]
[Result "0-1"]
[Round "09"]
[TimeControl "180+1"]
[Date "2022.12.07"]
[WhiteClock "0:00:20"]
[BlackClock "0:00:32"]

1. e4 c5 2. Nf3 d6 3. d4 cxd4 4. Qxd4 Nc6 5. Bb5 Bd7 6. Bxc6 Bxc6 7. Bg5 Nf6 8. Bxf6 gxf6 9. O-O e6 10. c4 Be7 11. Nc3 h5 12. b4 b6 13. a4 h4 14. h3 Rh7 15. a5 f5 16. axb6 e5 17. Qe3 fxe4 18. Nxe4 f5 19. Nc3 f4 20. Qd3 Rg7 21. bxa7 Qd7 22. b5 Qxh3 23. Ne1 Rxg2+ 24. Nxg2 Qxg2# 0-1


[Site "https://www.chess.com"]

[Event "Titled Tuesday Blitz December 06 Early 2022"]
[White "Aldokhin, Ivan"]
[Black "Turzo, Attila"]
[WhiteFideId "24115720"]
[BlackFideId "704954"]
[WhiteElo "2313"]
[BlackElo "2482"]
[Result "0-1"]
[Round "09"]
[TimeControl "180+1"]
[Date "2022.12.07"]
[WhiteClock "0:00:10"]
[BlackClock "0:01:21"]

1. e4 e5 2. Nf3 Nc6 3. Bb5 a6 4. Ba4 Nf6 5. O-O Be7 6. Re1 b5 7. Bb3 O-O 8. d4 d6 9. c3 Bg4 10. d5 Na5 11. Bc2 c6 12. h3 Bc8 13. dxc6 Nxc6 14. Nbd2 h6 15. Nf1 Be6 16. Ng3 Re8 17. Nh4 Bf8 18. Qf3 d5 19. Nhf5 d4 20. cxd4 exd4 21. e5 Nd5 22. Nxh6+ gxh6 23. Qe4 Bg7 24. Qh7+ Kf8 25. Nh5 Bxe5 26. f4 Nf6 27. Qxh6+ Ke7 28. fxe5 Nxh5 29. Bg5+ f6 30. Qh7+ Bf7 31. exf6+ Kd6 32. Qxf7 Qd7 0-1


[Site "https://www.chess.com"]

[Event "Titled Tuesday Blitz December 06 Early 2022"]
[White "Alex_Sahakyan2006"]
[Black "Galchenko, Matvey"]
[BlackFideId "24175480"]
[WhiteElo "2663"]
[BlackElo "2404"]
[Result "0-1"]
[Round "09"]
[TimeControl "180+1"]
[Date "2022.12.06"]
[WhiteClock "0:00:04"]
[BlackClock "0:00:30"]

1. e4 e6 2. d4 d5 3. Bd3 c5 4. exd5 exd5 5. c3 Nf6 6. Nf3 Nc6 7. O-O Be7 8. dxc5 Bxc5 9. Bg5 O-O 10. Nbd2 h6 11. Bh4 Re8 12. Nb3 Bb6 13. Nfd4 g5 14. Bg3 Ne4 15. Qh5 Qf6 16. Rae1 Bd7 17. Re3 a5 18. Rf3 Qg6 19. Qxg6+ fxg6 20. Nxc6 bxc6 21. Bxe4 Rxe4 22. Rf6 Be8 23. Bd6 Re2 24. Nd4 Kg7 25. Rf8 Re4 26. f3 Re6 27. Ba3 Re3 28. Bd6 c5 29. Nc2 Re6 30. Rxe8 Raxe8 31. Bg3 Re2 32. Rf2 c4 33. Kf1 Bxf2 34. Bxf2 Rxc2 35. Bd4+ Kf7 36. h4 Ree2 37. hxg5 hxg5 38. g4 Rxb2 39. a4 Rec2 0-1


[Site "https://www.chess.com"]

[Event "Titled Tuesday Blitz December 06 Early 2022"]
[White "Aloma Vidal, Robert"]
[Black "Mkrtchian, Lilit"]
[WhiteFideId "2260409"]
[BlackFideId "13300601"]
[WhiteElo "2435"]
[BlackElo "2316"]
[Result "1-0"]
[Round "09"]
[TimeControl "180+1"]
[Date "2022.12.07"]
[WhiteClock "0:00:14"]
[BlackClock "0:00:03"]

1. e4 e6 2. d4 d5 3. e5 c5 4. c3 Nc6 5. Nf3 Bd7 6. Bd3 cxd4 7. O-O Qb6 8. Re1 Nge7 9. h4 h6 10. h5 Rc8 11. a3 a6 12. b4 dxc3 13. Nxc3 Nxb4 14. Be3 Qd8 15. axb4 Rxc3 16. Qd2 Rc8 17. Rab1 Bb5 18. Bxb5+ axb5 19. Nd4 Qd7 20. Rb3 Nc6 21. Nxb5 Nxe5 22. Na7 Nc4 23. Qd4 Ra8 24. Bf4 f6 25. b5 Be7 26. b6 e5 27. Qd3 exf4 28. Qg6+ Kd8 29. Nb5 Re8 30. Nc7 Ra3 31. Rb5 Nd6 32. Rxd5 1-0


[Site "https://www.chess.com"]

[Event "Titled Tuesday Blitz December 06 Early 2022"]
[White "Atakhan, Abtin"]
[Black "Gheorghiu, Calin"]
[WhiteFideId "22502203"]
[BlackFideId "1200305"]
[WhiteElo "2189"]
[BlackElo "2224"]
[Result "1-0"]
[Round "09"]
[TimeControl "180+1"]
[Date "2022.12.07"]
[WhiteClock "0:01:17"]
[BlackClock "0:01:20"]

1. d4 Nf6 2. c4 e6 3. Nf3 Bb4+ 4. Bd2 Qe7 5. g3 b6 6. Bg2 Bb7 7. O-O Bxd2 8. Nbxd2 O-O 9. Qc2 d6 10. Rac1 c5 11. Rfd1 Nbd7 12. e3 Rac8 13. Qb1 a6 14. b4 cxd4 15. exd4 b5 16. c5 dxc5 17. dxc5 Rfd8 18. Nb3 Bd5 19. Na5 Nb8 20. Nd4 e5 21. Nf5 Qe6 22. Nd6 Rc7 23. Bxd5 Nxd5 24. Qb3 Ne7 25. Qxe6 fxe6 26. a3 Nf5 27. Nxf5 Rxd1+ 28. Rxd1 1-0


[Site "https://www.chess.com"]

[Event "Titled Tuesday Blitz December 06 Early 2022"]
[White "Barria Zuniga, Daniel"]
[Black "Salman, Pavel"]
[WhiteFideId "3400816"]
[BlackFideId "24153753"]
[WhiteElo "2414"]
[BlackElo "2187"]
[Result "1/2-1/2"]
[Round "09"]
[TimeControl "180+1"]
[Date "2022.12.07"]
[WhiteClock "0:00:47"]
[BlackClock "0:00:11"]

1. d4 Nf6 2. c4 c5 3. d5 b5 4. Qc2 bxc4 5. e4 e6 6. Nc3 exd5 7. e5 Ng4 8. Nxd5 Nxe5 9. Qe4 Nc6 10. f4 f5 11. Qe3 d6 12. fxe5 dxe5 13. Bxc4 Qh4+ 14. Qf2 Qxc4 15. Nc7+ Kd8 16. Nxa8 Bb7 17. Bg5+ Kc8 18. Rc1 Qe4+ 19. Ne2 Nd4 20. Be3 Nc2+ 21. Rxc2 Qxc2 22. O-O Bxa8 23. Rc1 Qe4 24. Bxc5 Bc6 25. Ng3 Bxc5 26. Rxc5 Qb1+ 27. Qf1 Qxf1+ 28. Kxf1 Kb7 29. Rxe5 g6 30. Ne2 Rd8 31. Re7+ Rd7 32. Rxd7+ Bxd7 33. Kf2 Be6 34. a4 Kb6 35. b4 Bb3 36. Nc3 g5 37. g3 Kc6 38. h4 h6 39. hxg5 hxg5 40. Ke3 f4+ 41. gxf4 gxf4+ 42. Kxf4 Bxa4 43. Nxa4 Kb5 44. Nb2 Kxb4 45. Nd3+ Kc3 46. Ke3 a5 47. Nc5 Kb4 48. Kd2 Kxc5 49. Kc1 Kb4 50. Kb1 a4 51. Ka1 a3 52. Kb1 Kb3 53. Ka1 a2 1/2-1/2


[Site "https://www.chess.com"]

[Event "Titled Tuesday Blitz December 06 Early 2022"]
[White "Berezin, Viktor"]
[Black "Czopor, Maciej"]
[WhiteFideId "14107872"]
[BlackFideId "21805431"]
[WhiteElo "2310"]
[BlackElo "2324"]
[Result "0-1"]
[Round "09"]
[TimeControl "180+1"]
[Date "2022.12.07"]
[WhiteClock "0:00:08"]
[BlackClock "0:00:03"]

1. c4 g6 2. Nf3 Bg7 3. g3 Nf6 4. Bg2 O-O 5. O-O d6 6. Nc3 Nc6 7. d3 Bg4 8. Rb1 Qd7 9. a3 e5 10. b4 Ne8 11. b5 Ne7 12. Ne1 Qc8 13. Nc2 Bh3 14. Ne3 h5 15. Ned5 Nxd5 16. Nxd5 Kh7 17. a4 h4 18. a5 Bxg2 19. Kxg2 h3+ 20. Kg1 c6 21. bxc6 bxc6 22. Nc3 Nc7 23. Qa4 Ne6 24. Ne4 Nd4 25. Qd1 d5 26. Nd6 Qe6 27. c5 Rab8 28. Rxb8 Rxb8 29. e3 Nf5 30. Ba3 Bf8 31. Qf3 Rb3 32. Bc1 Nxd6 33. cxd6 Bxd6 34. e4 dxe4 35. Qxe4 Bc5 36. Qh4+ Kg8 37. Qd8+ Kg7 38. Bg5 Qf5 39. Bh6+ Kh7 40. Be3 Qf3 41. Qh4+ Kg8 42. Qxh3 Bxe3 43. fxe3 Qxe3+ 44. Kh1 Qxd3 45. Qc8+ Kg7 46. Qh3 Qd5+ 47. Kg1 Rb2 48. g4 Qd4+ 49. Kh1 Qe4+ 0-1


[Site "https://www.chess.com"]

[Event "Titled Tuesday Blitz December 06 Early 2022"]
[White "Bochnicka, Vladimir"]
[Black "Lawson, Eric"]
[WhiteFideId "14943450"]
[BlackFideId "2604116"]
[WhiteElo "2239"]
[BlackElo "2578"]
[Result "0-1"]
[Round "09"]
[TimeControl "180+1"]
[Date "2022.12.07"]
[WhiteClock "0:00:06"]
[BlackClock "0:01:07"]

1. e4 c5 2. Nf3 d6 3. d4 cxd4 4. Nxd4 Nf6 5. Nc3 a6 6. f3 e5 7. Nb3 Be7 8. Be3 Be6 9. Qd2 O-O 10. O-O-O a5 11. a4 Nc6 12. g4 Nb4 13. Kb1 d5 14. g5 Ne8 15. exd5 Bf5 16. Ne4 Nd6 17. Qg2 b6 18. h4 Qd7 19. Bb5 Nxb5 20. axb5 Qxb5 21. d6 Bd8 22. h5 a4 23. Nbd2 a3 24. b3 a2+ 25. Kb2 Qa5 26. Nc4 Qa6 27. g6 b5 28. Nc5 Qc6 29. gxh7+ Kxh7 30. Rdg1 Bf6 31. h6 e4+ 32. Kc1 a1=Q+ 33. Kd2 Qc3+ 34. Ke2 Qxc2+ 35. Bd2 exf3+ 36. Qxf3 Qxf3+ 37. Kxf3 g6 0-1


[Site "https://www.chess.com"]

[Event "Titled Tuesday Blitz December 06 Early 2022"]
[White "Bon, Michael"]
[Black "Cramling Bellon, Anna"]
[WhiteFideId "620696"]
[BlackFideId "32009232"]
[WhiteElo "2386"]
[BlackElo "1972"]
[Result "1-0"]
[Round "09"]
[TimeControl "180+1"]
[Date "2022.12.07"]
[WhiteClock "0:01:31"]
[BlackClock "0:00:08"]

1. e4 c5 2. Nf3 e6 3. d4 cxd4 4. Nxd4 Nf6 5. Nc3 Nc6 6. Be3 Bb4 7. Nxc6 bxc6 8. Bd3 d5 9. a3 Bxc3+ 10. bxc3 dxe4 11. Be2 O-O 12. Bd4 Qe7 13. Qd2 c5 14. Be5 Rd8 15. Qg5 Bb7 16. h4 h6 17. Qg3 Rac8 18. h5 Qf8 19. Bxf6 Rd5 20. Rh4 Kh8 21. c4 Rf5 22. Bc3 f6 23. O-O-O Rg5 24. Rg4 1-0


[Site "https://www.chess.com"]